 Dungeon Crawl Stone Soup version 0.30-a0-860-g512cf1e979 (webtiles) character file.

Game seed: 3082514348565006003

94 eruonna the Cutter (level 4, -1/41 HPs)
             Began as a Troll Brigand on Mar 8, 2023.
             Was an Initiate of Okawaru.
             Slain by Grinder (2 damage)
             ... on level 3 of the Dungeon.
             The game lasted 00:11:00 (1761 turns).

eruonna the Cutter (Troll Brigand)                  Turns: 1761, Time: 00:11:02

Health: -1/41      AC:  5    Str: 21    XL:     4   Next: 38%
Magic:  3/3        EV:  9    Int:  7    God:    Okawaru [......]
Gold:   111        SH:  0    Dex: 11    Spells: 3/3 levels left

rFire   . . .      SeeInvis .    a - +3 dagger
rCold   . . .      Faith    .    (no shield)
rNeg    . . .      Spirit   .    b - +0 robe
rPois   .          Reflect  .    (helmet restricted)
rElec   .          Rampage  .    c - +0 cloak
rCorr   .                        (gloves unavailable)
Will    .....                    (boots unavailable)
Stlth   ++                       (no amulet)
HPRegen 1.06/turn                (no ring)
MPRegen 0.08/turn                (no ring)

@: no status effects
A: large, unfitting armour, claws 3, regeneration 1, shaggy fur 1, tough skin 1
a: Renounce Religion


You were on level 3 of the Dungeon.
You worshipped Okawaru.
Okawaru was noncommittal.
You visited 1 branch of the dungeon, and saw 3 of its levels.

You collected 111 gold pieces.

Inventory:

Hand Weapons
 a - a +3 dagger (weapon)
 h - a +0 short sword
Missiles
 d - 9 poisoned darts (quivered)
 e - 3 curare-tipped darts
 g - 27 stones
 j - 3 javelins
Armour
 b - a +0 robe (worn)
 c - a +0 cloak (worn)
Jewellery
 o - an amulet of magic regeneration
Scrolls
 f - 2 scrolls of identify
Potions
 i - a potion of flight {unknown}


   Skills:
 - Level 1.5 Fighting
 + Level 3.9 Short Blades
 - Level 1.7 Throwing
 - Level 0.7 Dodging
 - Level 2.1 Stealth


You had 3 spell levels left.
You didn't know any spells.
Your spell library was empty.

Dungeon Overview and Level Annotations

Branches:
Dungeon (3/15)

Altars:
Okawaru

Annotations:
D:3 Grinder


Innate Abilities, Weirdness & Mutations

You are too large for most types of armour.
You have claws for hands.
Your natural rate of healing is unusually fast.
You are covered in fur. (AC +1)
You have tough skin. (AC +1)


Message History

You hit Grinder.
Grinder is heavily wounded.
You barely miss Grinder.
Grinder is heavily wounded.
Grinder barely misses you.
You hit Grinder but do no damage.
Grinder is heavily wounded.
Grinder gestures at you.
You suddenly lose the ability to move!
Grinder gestures at you.
You shrug off the repeated paralysis!
Grinder hits you!
You writhe in agony.
You can move again.
Okay, then.
You closely miss Grinder.
Grinder is heavily wounded.
Grinder hits you.
You writhe in agony.
* * * LOW HITPOINT WARNING * * *
You hit Grinder.
Grinder is heavily wounded.
Grinder hits you but does no damage.
You hit Grinder but do no damage.
Grinder is heavily wounded.
As you read the scroll labelled APEPSI XISHREI, it crumbles to dust.
You feel aware of your surroundings.
You sensed 2 altars.
It was a scroll of magic mapping.
Grinder hits you but does no damage.
You completely miss Grinder.
Grinder is heavily wounded.
Grinder hits you.
* * * LOW HITPOINT WARNING * * *
You writhe in agony.
* * * LOW HITPOINT WARNING * * *
Grinder attacks as you move away! Grinder barely misses you.
You hit Grinder.
Grinder is severely wounded.
Grinder says, "Tell me all your secrets, or I'll kill you."
Grinder hits you.
* * * LOW HITPOINT WARNING * * *
You writhe in agony.
You die...

#......).....# ##.##...#####.#*
#####.#...#..# *,,,********
##....###.###.# *,,,,,,,,,,,
###...##.#...#..# *,,,********
#.........##...## *****
#.#...#######.## #.##.##
#.#*####********* ####.##.#
#@#*...,,,,,,,,,* ........#
#5##.######****,* ####.####
#.........# *,*
.....#,**#########.#..##.# *,*
###...,,,................#####,**
**#....,,*#..................,,,,
*,......,..?.≈≈≈≈≈≈≈..#.#..#,,,,,
*,#..........≈≈≈≈≈≈≈....#.#**,,*,
*,#.....#.........≈≈..#....***,,,


You could see Grinder.

Vanquished Creatures
  Terence (D:2)
  2 adders (D:2)
  A dart slug (D:3)
  An orc (D:3)
  4 endoplasms
  3 goblins
  7 hobgoblins
  7 kobolds
  A quokka (D:1)
  6 ball pythons
  7 bats
  2 frilled lizards (D:1)
  2 rats (D:2)
44 creatures vanquished.

Notes
Turn   | Place    | Note
-------+----------+-------------------------------------------
     0 | D:1      | eruonna the Troll Brigand began the quest for the Orb.
     0 | D:1      | Reached XP level 1. HP: 19/19 MP: 0/0
    70 | D:1      | Reached skill level 2 in Short Blades
   134 | D:1      | Reached XP level 2. HP: 23/27 MP: 1/1
   859 | D:1      | Reached XP level 3. HP: 33/33 MP: 2/2
  1107 | D:2      | Reached skill level 3 in Short Blades
  1355 | D:2      | Found an iron altar of Okawaru.
  1362 | D:2      | Became a worshipper of Warmaster Okawaru
  1570 | D:3      | Noticed Terence
  1618 | D:2      | Killed Terence
  1619 | D:2      | Reached XP level 4. HP: 8/41 MP: 3/3
  1728 | D:3      | Noticed Grinder
  1751 | D:3      | Paralysed by Grinder for 2 turns
  1761 | D:3      | HP: 1/41 [Grinder (5)]
  1761 | D:3      | Slain by Grinder

Illustrated notes

Levels and vault maps discovered:
D:1:      erik_arrival_cave_to_civilisation [erik_arrival_cave_to_hall],
          layout_basic, kennysheep_crisscross, minmay_pentomino_v4
D:2:      layout_rooms, basic_altar
D:3:      layout_loops_ring, mainiacjoe_overflow_chevrons,
          hellmonk_ecumenical_altar_crossroads, uniq_ijyb, uniq_grinder,
          uniq_robin, uniq_terence, uniq_natasha

Skill      XL: |  1  2  3 |
---------------+----------+-----
Short Blades   | 2 3 |  3.9
Fighting       | |  1.5
Throwing       | |  1.7
Dodging        | |  0.7
Stealth        | |  2.1

Action                     |  1- 3 |  4- 6 || total
---------------------------+-------+-------++-------
  Melee: Dagger            |   162 |    21 ||   183
         Short sword       |    15 |       ||    15
         Punch             |     4 |       ||     4
    Use: Scroll            |     6 |     1 ||     7
   Stab: Sleeping          |     5 |       ||     5
 Armour: Robe              |    48 |     5 ||    53
  Dodge: Dodged            |    71 |     4 ||    75

Table legend: (Time is in decaauts)
 A = Elapsed time spent in this place.
 B = Non-inter-level travel time spent in this place.
 C = Inter-level travel time spent in this place.
 D = Time resting spent in this place.
 E = Time spent auto-exploring this place.
 F = Levels seen in this place.
 G = Mean time per level.
                   A        B        C        D        E       F      G
               +--------+--------+--------+--------+--------+-----+--------+
         Total |   1733 |   1632 |    101 |    120 |   1000 |   3 |  577.7 |
       Dungeon |   1733 |   1632 |    101 |    120 |   1000 |   3 |  577.7 |
               +--------+--------+--------+--------+--------+-----+--------+

Top non-repeatable levels by time:
     D:1: 1091 daAuts
     D:2: 514 daAuts
     D:3: 126 daAuts
